 Dungeon Crawl Stone Soup version 0.29.0-13-gc9e81de378 (webtiles) character file.

Game seed: 12142838643402984568

68 SnakkuSnakku7 the Chopper (level 4, -3/39 HPs)
             Began as a Naga Warper on Sept 9, 2022.
             Slain by an orc
             ... wielding a +0 morningstar
              (11 damage)
             ... on level 2 of the Dungeon.
             The game lasted 00:02:21 (2210 turns).

SnakkuSnakku7 the Chopper (Naga Warper)             Turns: 2210, Time: 00:02:22

Health: -3/39      AC:  3    Str: 15    XL:     4   Next: 19%
Magic:  7/7        EV:  9    Int: 14    God:
Gold:   131        SH:  0    Dex: 10    Spells: 7/7 levels left

rFire   . . .      SeeInvis +   i - +0 whip (venom)
rCold   . . .      Faith    .   (no shield)
rNeg    . . .      Spirit   .   b - +0 leather armour
rPois   +          Reflect  .   k - +0 helmet
rElec   .          Harm     .   (no cloak)
rCorr   .          Rampage  .   (no gloves)
Will    .....                   (no barding)
Stlth   +.........              (no amulet)
HPRegen 0.13/turn               (no ring)
MPRegen 0.10/turn               (no ring)

@: short of breath, very slow
A: AC +1, large, see invisible, deformed body, poison resistance, slowness 2,
spit poison 1, naga tail 1
a: Spit Poison


You were on level 2 of the Dungeon.
You visited 1 branch of the dungeon, and saw 3 of its levels.

You collected 131 gold pieces.

Inventory:

Hand Weapons
 a - a +0 hand axe
 i - a +0 whip of venom (weapon)
Missiles
 d - 7 boomerangs of dispersal (quivered)
Armour
 b - a +0 leather armour (worn)
 k - a +0 helmet (worn)
Scrolls
 c - a scroll of blinking
 e - 4 scrolls of identify {unknown}
 f - a scroll of enchant armour {unknown}
 g - a scroll of fog {unknown}
 h - 2 scrolls of amnesia {unknown}
Potions
 j - a potion of brilliance {unknown}
 l - a potion of magic {unknown}


   Skills:
 - Level 2.0 Fighting
 + Level 4.3 Axes
 - Level 0.8 Throwing
 - Level 0.7 Armour
 - Level 1.5 Dodging
 - Level 2.0 Spellcasting
 - Level 3.0 Translocations


You had 7 spell levels left.
You didn't know any spells.
Your spell library contained the following spells:

 Spells                   Type           Power      Damage    Failure   Level
 Blink                    Tloc           18%        N/A       13%         2
 Gell's Gravitas          Tloc           9%         N/A       26%         3
 Lesser Beckoning         Tloc           9%         N/A       26%         3
 Teleport Other           Tloc           9%         N/A       26%         3
 Magic Dart               Conj           4%         1d3       28%         1
 Call Imp                 Summ           1%         N/A       41%         2
 Mephitic Cloud           Conj/Pois/Air  1%         N/A       65%         3
 Manifold Assault         Tloc           9%         N/A       93%         5


Dungeon Overview and Level Annotations

Branches:
Dungeon (3/15)

Altars:


Innate Abilities, Weirdness & Mutations

Your serpentine skin is tough. (AC +1)
You have supernaturally acute eyesight. (SInv)
Armour fits poorly on your strangely shaped body.
Your system is resistant to poisons. (rPois)
You cover ground very slowly.
You can spit poison.
You have a snake-like lower body.


Message History

No target in view!
Found 4 large rocks.
Done exploring.
Done exploring.
(D) Dungeon
Where to? (Enter - D:2, ? - help)
There is a stone staircase leading down here.
You climb downwards.
The orc priest shouts!
Found 5 poisoned darts and a fizzy purple potion.
An orc comes into view.
It is wielding a +0 hand axe and wearing a +0 leather armour of fire resistance.
There is a stone staircase leading up here.
Unknown command.
The orc shouts!
An orc comes into view. It is wielding a +0 dagger.
You barely miss the orc. The orc completely misses you.
The orc hits you with a +0 morningstar!
You climb upwards.
There is a stone staircase leading down here.
Unknown command.
You closely miss the orc. The orc hits you with a +0 hand axe.
The orc barely misses you.
You hit the orc but do no damage.
The orc is poisoned.
The orc hits you with a +0 hand axe. The orc hits you with a +0 morningstar!
Unknown command.
You are too injured to fight recklessly!
You are too injured to fight recklessly!
You are too injured to fight recklessly!
You closely miss the orc.
The orc is moderately wounded.
The orc closely misses you. The orc hits you with a +0 morningstar!
* * * LOW HITPOINT WARNING * * *
Unknown command.
Aiming: Spit Poison (1% risk of failure)
Press: ? - help, Shift-Dir - straight line, f - orc
Aim: an orc, wielding a +0 hand axe and wearing a +0 leather armour of fire resistance (59% to hit)
The splash of poison hits the orc.
The orc is poisoned.
The orc is almost dead.
The orc closely misses you. The orc hits you with a +0 morningstar!
You die...

#..##......##..####.###.....
#######..##..###.......#.##......
...............#.......#.........
.....................<.###.......
.........###.#....).#### #.......
.........###.#.......# #.......
##.###..###.......##.## #.......
#.# ##.#........###..#####......
#.####.....###.@####...####.....
#.##..........oo.#####..########
##.##...............# ##...####..
......###.........#.# ##.........
........##.....####.# #..######..
......#.###.#....##.###.### #..
#####..........#.##.......## #..
# ###.###.##........#'#..####..
#...#.###......##)##.##....


You could see 2 orcs.

Vanquished Creatures
  2 adders (D:2)
  4 ball pythons
  4 bats
  An endoplasm (D:1)
  A giant cockroach (D:1)
  13 goblins
  6 hobgoblins
  7 kobolds (D:1)
  A frilled lizard (D:1)
  6 rats
45 creatures vanquished.

Notes
Turn   | Place    | Note
-------+----------+-------------------------------------------
     0 | D:1      | SnakkuSnakku7 the Naga Warper began the quest for the Orb.
     0 | D:1      | Reached XP level 1. HP: 19/19 MP: 3/3
   215 | D:1      | Reached XP level 2. HP: 14/26 MP: 5/5
   618 | D:1      | Reached skill level 3 in Axes
  1009 | D:1      | Reached XP level 3. HP: 28/32 MP: 6/6
  1398 | D:2      | Reached skill level 4 in Axes
  1618 | D:2      | You fall into a shaft and drop 1 floor!
  1729 | D:2      | Reached XP level 4. HP: 38/39 MP: 7/7
  2125 | D:2      | Found a faded altar of an unknown god.
  2210 | D:2      | Slain by an orc

Illustrated notes

Levels and vault maps discovered:
D:1:      minmay_arrival_arboretum_large, layout_rooms, minmay_octomino_c4
D:2:      cheibrodos_greedy_goblins, layout_rooms,
          hellmonk_ecumenical_altar_prayer_group
D:3:      layout_basic, yredelemnul_altar_generic, gammafunk_ghost_cemetery,
          uniq_grinder

Skill      XL: |  1  2  3 |
---------------+----------+-----
Axes           | 3 4 |  4.3
Fighting       | |  2.0
Throwing       | |  0.8
Armour         | |  0.7
Dodging        | |  1.5
Spellcasting   | |  2.0
Translocations | |  3.0

Action                   |  1- 3 |  4- 6 || total
-------------------------+-------+-------++-------
Melee: Hand axe          |    24 |       ||    24
       Punch             |     1 |     1 ||     2
       Whip              |    86 |    44 ||   130
 Abil: Spit Poison       |       |     1 ||     1
Armor: Leather armour    |    42 |    11 ||    53
Dodge: Dodged            |    62 |    25 ||    87
